 Dungeon Crawl Stone Soup version 0.28.0 (webtiles) character file.

Game seed: 15859987250631529119

12 multipassport the Slasher (level 2, -1/24 HPs)
             Began as a Demigod Gladiator on Feb 12, 2022.
             Succumbed to a kobold's poison
             ... on level 1 of the Dungeon.
             The game lasted 00:01:08 (638 turns).

multipassport the Slasher (Demigod Gladiator)        Turns: 638, Time: 00:01:09

Health: -1/24      AC:  4    Str: 15    XL:     2   Next: 9%
Magic:  4/4        EV: 12    Int: 10    God:
Gold:   23         SH:  0    Dex: 15    Spells: 1/1 levels left

rFire   . . .      SeeInvis .   a - +0 long sword
rCold   . . .      Faith    .   (no shield)
rNeg    . . .      Spirit   .   b - +0 leather armour
rPois   .          Reflect  .   c - +0 helmet
rElec   .          Harm     .   (no cloak)
rCorr   .          Rampage  .   (no gloves)
Will    .....                   (no boots)
Stlth   +.........              (no amulet)
HPRegen 0.08/turn               (no ring)
MPRegen 0.09/turn               (no ring)

@: lethally poisoned (-1 -> -19)
A: high MP 1, forlorn, divine attributes
a: no special abilities


You were on level 1 of the Dungeon.
You visited 1 branch of the dungeon, and saw 1 of its levels.

You collected 23 gold pieces.

Inventory:

Hand Weapons
 a - a +0 long sword (weapon)
Missiles
 d - 3 throwing nets (quivered)
Armour
 b - a +0 leather armour (worn)
 c - a +0 helmet (worn)
 g - a +0 chain mail
Potions
 e - a potion of degeneration {unknown}
 f - a potion of curing {unknown}


   Skills:
 + Level 2.0 Fighting
 + Level 2.9 Long Blades
 - Level 1.7 Throwing
 + Level 0.5 Armour
 + Level 2.8 Dodging


You had one spell level left.
You didn't know any spells.
Your spell library was empty.

Dungeon Overview and Level Annotations

Branches:
Dungeon (1/15)


Innate Abilities, Weirdness & Mutations

You have an increased reservoir of magic. (+10% MP)
You shall have no god before yourself.
Your divine heritage dramatically boosts your attributes as you level up.


Message History

You have reached level 2!
You hit the endoplasm.
You kill the endoplasm!
No target in view!
Found a chain mail.
A goblin comes into view. It is wielding a +0 dagger.
Found 28 stones.
The goblin shouts!
You hear a shout!
You see here a +0 chain mail.
g - a +0 chain mail A kobold comes into view.
It is wielding a +0 whip of venom.
The kobold shouts!
You closely miss the goblin. The goblin hits you but does no damage.
You slash the goblin!
You kill the goblin!
The kobold throws a stone.
The stone closely misses you.
The kobold throws a stone.
The stone misses you.
Things that are here:
a +0 dagger; a goblin corpse The kobold misses you.
You barely miss the kobold. The kobold hits you but does no damage.
You are poisoned.
You closely miss the kobold.
You feel very sick.
The kobold hits you with a +0 whip of venom.
You are lethally poisoned!
The kobold closely misses you.
You barely miss the kobold.
You feel very sick. The kobold hits you but does no damage.
You are more poisoned.
You are too injured to fight recklessly!
You are too injured to fight recklessly!
You are too injured to fight recklessly!
You closely miss the kobold.
* * * LOW HITPOINT WARNING * * *
You feel extremely sick. The kobold barely misses you.
You closely miss the kobold.
You die...

####......# ##.#..........#
#......# #.#..#'##.....
################## #.##.#.##..###
.................# #......##.....
#####.......####.#######..##.####
......................##..##.#
.####..)....####)####.##..##.#
.####.......+ #.####.##..##.#
...##.......# #@.....###.##.#
...''...........K.##### #.##.####
...##..............# .........
...##...........(..+ #.#...
...#########.......# #...
........ +........ #... ########
#......### #... #......# #...
#...


You could see a kobold.

Vanquished Creatures
  2 bats (D:1)
  2 endoplasms (D:1)
  2 hobgoblins (D:1)
  3 ball pythons (D:1)
  A goblin (D:1)
  A kobold (D:1)
  A rat (D:1)
12 creatures vanquished.

Notes
Turn   | Place    | Note
-------+----------+-------------------------------------------
     0 | D:1      | multipassport the Demigod Gladiator began the quest for the
                  | Orb.
     0 | D:1      | Reached XP level 1. HP: 17/17 MP: 3/3
   595 | D:1      | Reached XP level 2. HP: 22/24 MP: 4/4
   638 | D:1      | Succumbed to a kobold's poison

Illustrated notes

Levels and vault maps discovered:
D:1:      giann_horns, layout_basic

Skill      XL: |  1 |
---------------+----+-----
Fighting       | 2 |  2.0
Long Blades    | |  2.9
Throwing       | |  1.7
Armour         | |  0.5
Dodging        | |  2.8

Action                   || total
-------------------------++-------
Melee: Long sword        ||    29
Armor: Leather armour    ||     8
Dodge: Dodged            ||    24
